Map: 2000 Atmospheres LE

Players

tankrush - Winner!

  • Race: Terran Terran
  • League: Platinum
  • Spawn Location: 3:00

JackBauer

  • Race: Terran Terran
  • League: Platinum
  • Spawn Location: 7:00

VOD

Have the link to the VOD?

Description

Time

  • Played on: June 29, 2022, 9:17 a.m.
  • Length: 5:40
Show
View Real Time Build Order
Export as new Build Order

tankrush Terran - Winner!

Build Orders:  

Get SALT Encoding   

  12  0:02  SCV  
  14  0:14  SCV  
  14  0:22  Supply Depot  
  14  0:26  SCV  
  15  0:35  Refinery  
  15  0:46  Barracks  
  15  0:48  SCV  
  16  0:55  Refinery  
  16  1:00  SCV  
  17  1:12  SCV  
  18  1:24  SCV  
  19  1:35  Marine, Factory  
  19  1:36  SCV  
  21  1:46  Supply Depot  
  21  1:48  SCV  
  21  1:53  Marine  
  23  2:08  SCV  
  24  2:14  Marine  
  25  2:19  Factory Tech Lab  
  25  2:20  SCV  
  26  2:31  Marine  
  26  2:32  Orbital Command  
  27  2:37  Siege Tank  
  30  2:51  Starport  
  30  3:00  SCV  
  31  3:28  Fusion Core  
  31  3:30  Starport Tech Lab  
  31  3:39  Supply Depot  
  31  4:12  Command Center  
  31  4:15  Battlecruiser  
  37  4:27  Supply Depot  
  37  4:32  SCV  
  38  4:44  SCV  
  39  4:51  Supply Depot  
  39  4:52  Refinery  
  39  4:56  SCV  
  40  5:02  Supply Depot  
  40  5:08  SCV  
Show
View Real Time Build Order
Export as new Build Order

JackBauer Terran 

Build Orders: Liberator Opening 

Get SALT Encoding   

  12  0:00  SCV  
  13  0:12  SCV  
  14  0:17  Supply Depot  
  14  0:24  SCV  
  15  0:30  Refinery  
  15  0:39  SCV  
  16  0:45  Barracks  
  16  0:51  SCV  
  17  0:57  Refinery  
  17  1:03  SCV  
  18  1:08  Supply Depot  
  18  1:15  SCV  
  19  1:33  Marine  
  19  1:36  Orbital Command  
  20  1:45  Factory  
  20  1:57  Barracks Reactor  
  20  2:01  SCV  
  21  2:09  Supply Depot  
  21  2:29  Factory Tech Lab  
  21  2:35  Starport  
  21  2:39  Marine x2  
  21  2:42  SCV  
  24  2:53  Siege Tank  
  24  2:56  SCV  
  28  3:03  Supply Depot  
  28  3:11  Fusion Core  
  28  3:14  Starport Tech Lab  
  28  3:39  Liberator  
  31  3:41  SCV  
  32  4:00  SCV  
  33  4:12  SCV  
  34  4:22  Battlecruiser  
  40  4:32  SCV  
  41  4:46  Command Center  
  41  4:47  Siege Tank  
  41  4:51  SCV  
Tags
 
Add a new tag
Caveats
  • Supply blocks, unpowered buildings, or Contaminate may cause inaccurate times.
  • Supply counts are checked every 10 seconds.